[ AOE2 MATCH · #493740709 ]
UnrankedMongols vs Mongols
Player's team · LOSS
Rival team · WIN
[ REPLAY ANALYSIS · EXTRACTED FROM THE RECORDED GAME ]
Feudal
10:35
Castle
14:35
Imperial
—
| APM avg | 44.0 |
| APM peak | 93 |
| eAPM avg | 15.8 |
| Villagers / military | 28 / 0 |
Focus
⚔️ 7.0% · 🌾 93.0%
Feudal
7:38
Castle
—
Imperial
—
| APM avg | 64.1 |
| APM peak | 92 |
| eAPM avg | 28.0 |
| Villagers / military | 33 / 12 |
Focus
⚔️ 53.7% · 🌾 46.3%
Scout Cavalry ×7 · Skirmisher ×4 · Archer ×1
Match map
Initial resources + every placement click. Lines = walls · curves = elevation contours. ◆ gold · ⬟ stone · ● berries · ✦ relic · ◌ wall gap
Your base· Open — unwalled flank
Craftmk's base· Open — unwalled flank
Smoothed initial terrain · ◌ = detected wall gap · hover for details
Inputs per minute
— Brick by Brick - - Craftmk
Build order — Brick by Brick
53 actions detected in the replay
| 0:01 | Create | Villager (Male) |
| 0:02 | Build | House |
| 0:03 | Build | House |
| 0:05 | Create | Villager (Male) |
| 0:05 | Create | Villager (Male) |
| 0:05 | Create | Villager (Male) |
| 0:05 | Create | Villager (Male) |
| 1:30 | Create | Villager (Male) |
| 2:06 | Create | Villager (Male) |
| 2:08 | Build | Lumber Camp |
| 2:26 | Create | Villager (Male) |
| 2:46 | Create | Villager (Male) |
| 2:56 | Create | Villager (Male) |
| 3:30 | Build | House |
| 3:32 | Build | House |
| 3:43 | Create | Villager (Male) |
| 4:10 | Create | Villager (Male) |
| 4:40 | Create | Villager (Male) |
| 4:40 | Create | Villager (Male) |
| 4:40 | Create | Villager (Male) |
| 4:40 | Create | Villager (Male) |
| 5:07 | Build | Mill |
| 5:14 | Create | Villager (Male) |
| 6:12 | Create | Villager (Male) |
| 6:13 | Create | Villager (Male) |
| 6:13 | Create | Villager (Male) |
| 6:17 | Research | Loom |
| 7:02 | Build | Mining Camp |
| 7:27 | Research | Feudal Age |
| 8:35 | Create | Villager (Male) |
| 8:53 | Create | Villager (Male) |
| 8:57 | Create | Villager (Male) |
| 9:05 | Create | Villager (Male) |
| 9:20 | Build | House |
| 9:27 | Build | House |
| 10:19 | Build | Palisade Wall |
| 10:22 | Build | Palisade Wall |
| 10:26 | Build | Palisade Wall |
| 10:35 | Age | Feudal Age |
| 11:00 | Build | Market |
| 11:07 | Create | Villager (Male) |
| 11:17 | Build | Blacksmith |
| 11:55 | Research | Castle Age |
| 11:56 | Research | Castle Age |
| 12:26 | Research | Double-Bit Axe |
| 13:28 | Create | Villager (Male) |
| 14:06 | Build | Mining Camp |
| 14:09 | Create | Villager (Male) |
| 14:35 | Age | Castle Age |
| 15:11 | Create | Villager (Male) |
| 16:05 | Build | Castle |
| 16:11 | Build | Farm |
| 16:13 | Build | Farm |
Build order — Craftmk
83 actions detected in the replay
| 0:01 | Create | Villager (Male) ×4 |
| 0:05 | Build | House |
| 0:06 | Build | House |
| 1:34 | Create | Villager (Male) |
| 2:03 | Create | Villager (Male) |
| 2:16 | Create | Villager (Male) |
| 2:33 | Create | Villager (Male) |
| 2:38 | Build | Lumber Camp |
| 3:12 | Create | Villager (Male) |
| 3:15 | Build | House |
| 3:16 | Build | Palisade Wall |
| 3:24 | Create | Villager (Male) ×2 |
| 3:37 | Create | Villager (Male) |
| 3:58 | Build | Palisade Wall |
| 4:04 | Create | Villager (Male) |
| 4:58 | Research | Loom |
| 5:05 | Build | Mill |
| 5:28 | Research | Feudal Age |
| 5:28 | Research | Feudal Age |
| 6:22 | Build | House |
| 7:11 | Build | Barracks |
| 7:13 | Build | House |
| 7:19 | Create | Villager (Male) |
| 7:38 | Age | Feudal Age |
| 8:01 | Build | Stable |
| 8:05 | Create | Villager (Male) |
| 8:29 | Create | Villager (Male) |
| 8:44 | Create | Scout Cavalry |
| 9:00 | Create | Villager (Male) |
| 9:09 | Create | Scout Cavalry |
| 9:26 | Create | Scout Cavalry |
| 9:29 | Build | Archery Range |
| 9:37 | Create | Villager (Male) |
| 10:05 | Create | Villager (Male) |
| 10:13 | Build | House |
| 10:13 | Create | Skirmisher |
| 10:34 | Create | Villager (Male) |
| 11:01 | Create | Villager (Male) |
| 11:07 | Build | House |
| 11:07 | Build | House |
| 11:14 | Build | Watch Tower |
| 11:26 | Create | Villager (Male) |
| 11:39 | Create | Villager (Male) |
| 11:58 | Create | Skirmisher |
| 12:04 | Create | Archer |
| 12:13 | Research | Horse Collar |
| 12:16 | Build | Farm |
| 12:17 | Build | Farm |
| 12:18 | Build | Farm |
| 12:19 | Build | Farm |
| 12:20 | Build | Farm |
| 12:42 | Create | Villager (Male) |
| 12:50 | Create | Villager (Male) |
| 13:11 | Create | Scout Cavalry |
| 13:36 | Create | Villager (Male) |
| 13:37 | Build | Mining Camp |
| 13:53 | Create | Villager (Male) |
| 14:10 | Create | Scout Cavalry |
| 14:13 | Build | Farm |
| 14:13 | Build | Farm |
| 14:13 | Build | Farm |
| 14:17 | Create | Villager (Male) |
| 14:47 | Build | Farm |
| 14:48 | Build | Farm |
| 14:49 | Build | Farm |
| 14:50 | Build | Farm |
| 14:50 | Create | Villager (Male) |
| 15:05 | Create | Scout Cavalry |
| 15:07 | Create | Skirmisher |
| 15:08 | Create | Villager (Male) |
| 15:32 | Create | Villager (Male) |
| 15:36 | Build | Farm |
| 15:36 | Build | Farm |
| 15:36 | Build | Farm |
| 15:36 | Build | Farm |
| 15:42 | Build | Lumber Camp |
| 15:43 | Create | Villager (Male) |
| 15:50 | Create | Skirmisher |
| 16:02 | Build | Watch Tower |
| 16:13 | Create | Scout Cavalry |
| 16:33 | Build | Stone Wall |
| 16:37 | Build | Stone Wall |
| 16:37 | Create | Villager (Male) |
Match timeline
| 3:16 | Craftmk · wall_segment Palisade Wall x1 |
| 3:58 | Craftmk · wall_segment Palisade Wall x1 |
| 7:11 | Craftmk · first_building Barracks |
| 7:38 | Craftmk · age_up feudal |
| 8:01 | Craftmk · first_building Stable |
| 9:29 | Craftmk · first_building Archery Range |
| 10:19 | Brick by Brick · wall_segment Palisade Wall x1 |
| 10:22 | Brick by Brick · wall_segment Palisade Wall x1 |
| 10:26 | Brick by Brick · wall_segment Palisade Wall x1 |
| 10:35 | Brick by Brick · age_up feudal |
| 11:48 | Brick by Brick · first_market_sell 100 stone |
| 14:35 | Brick by Brick · age_up castle |
| 15:35 | Brick by Brick · first_market_buy 100 stone |
| 16:05 | Brick by Brick · first_building Castle |
| 16:33 | Craftmk · wall_segment Stone Wall x10 |
| 16:37 | Craftmk · wall_segment Stone Wall x3 |
| 16:48 | Brick by Brick · resign |
[ AI ANALYSIS · 1 CREDIT ]
What really happened in this match?
Wolo.gg analyzes every decision: build order, eco, micro, common mistakes by bracket. Personalized analysis on WhatsApp or Discord in 30 seconds.
Civ guide
Mongols
Perfil
Brick by Brick